 Dungeon Crawl Stone Soup version 0.30-a0-134-gb40fab5c76 (webtiles) character file.

Game seed: 4049221467510456362

67582 ytrimaz the Severer (level 14, -1/119 HPs)
             Began as a Demonspawn Gladiator on Sept 19, 2022.
             Slain by a death yak (11 damage)
             ... on level 5 of the Lair of Beasts.
             The game lasted 00:30:28 (20809 turns).

ytrimaz the Severer (Demonspawn Gladiator)         Turns: 20809, Time: 00:30:29

Health: -1/119     AC: 18    Str: 23    XL:     14   Next: 83%
Magic:  18/18      EV: 14    Int:  7    God:
Gold:   502        SH:  0    Dex: 17    Spells: 19/19 levels left

rFire   + + +      SeeInvis +    w - +10 battleaxe of Excruciating Pain {elec, rPois}
rCold   + + +      Faith    +    (shield currently unavailable)
rNeg    . . .      Spirit   .    q - +1 chain mail "Uho Nus" {Regen+}
rPois   +          Reflect  .    (helmet unavailable)
rElec   .          Harm     .    o - +0 cloak
rCorr   .          Rampage  .    (no gloves)
Will    ++...                    c - +2 pair of boots
Stlth   ..........               Z - amulet "Yrphek" {Faith rF+++ rC+ SInv}
HPRegen 1.09/turn                X - ring "Aklyz" {rC+ EV+4 Str+4 Int-5 Slay+5}
MPRegen 0.16/turn                P - ring of Gatrulag {rC+ Will+ AC+4}

@: about to teleport, corroded, studying Translocations
A: horns 3, foul stench 2, big brain 1, thin skeletal structure 1, MP-powered
wands
a: no special abilities


You were on level 5 of the Lair of Beasts.
You visited 4 branches of the dungeon, and saw 21 of its levels.
You also visited: Trove and Bailey.

You collected 1674 gold pieces.
You spent 1172 gold pieces at shops.


Innate Abilities, Weirdness & Mutations

You have a pair of large horns on your head.
You sometimes emit foul miasma when damaged in melee.
You have an unusually large brain. (Int +2)
You have a somewhat thin skeletal structure. (Dex +2, Stealth+)
You expend magic power (3 MP) to strengthen your wands.


   Skills:
 + Level 13.8 Fighting
 * Level 16.8 Axes
 - Level 1.7 Throwing
 + Level 12.5 Armour
 - Level 2.6 Dodging
 - Level 3.0 Spellcasting


You had 19 spell levels left.
You didn't know any spells.
Your spell library contained the following spells:

 Spells                   Type           Power      Damage    Failure   Level
 Apportation              Tloc           2%         N/A       86%         1
 Beastly Appendage        Tmut           2%         N/A       86%         1
 Magic Dart               Conj           4%         1d3       86%         1
 Shock                    Conj/Air       4%         1d3       86%         1
 Blink                    Tloc           2%         N/A       95%         2
 Ensorcelled Hibernation  Hex/Ice        2%         N/A       95%         2
 Searing Ray              Conj           2%         2d4       95%         2
 Static Discharge         Conj/Air       2%         2-3/arc   95%         2
 Wereblood                Tmut           1%         N/A       95%         2
 Ignite Poison            Fire/Tmut/Pois 1%         N/A       99%         3
 Mephitic Cloud           Conj/Pois/Air  1%         N/A       99%         3
 Spider Form              Tmut/Pois      1%         N/A       99%         3
 Anguish                  Hex/Necr       0%         N/A       100%        4
 Fulminant Prism          Conj/Hex       0%         3d6       100%        4
 Manifold Assault         Tloc           1%         N/A       100%        4
 Olgreb's Toxic Radiance  Pois           1%         N/A       100%        4
 Petrify                  Tmut/Erth      1%         N/A       100%        4
 Alistair's Intoxication  Tmut/Pois      0%         N/A       100%        5
 Arcjolt                  Conj/Air       0%         1d10      100%        5
 Freezing Cloud           Conj/Ice/Air   0%         6-21      100%        5
 Lightning Bolt           Conj/Air       0%         1d11      100%        5
 Metabolic Englaciation   Hex/Ice        0%         N/A       100%        5
 Statue Form              Tmut/Erth      0%         N/A       100%        6
 Ozocubu's Refrigeration  Ice            0%         4d7       100%        7
 Storm Form               Tmut/Air       0%         N/A       100%        7
 Ignition                 Fire           0%         3d3       100%        8
 Maxwell's Capacitive Co  Air            0%         ∞         100%        8
 Fire Storm               Conj/Fire      0%         6d1       100%        9

Inventory:

Hand Weapons
 a - a +0 war axe of venom
 p - a +0 hand axe
   (You took it off an orc on level 3 of the Dungeon)
 w - the +10 battleaxe of Excruciating Pain (weapon) {elec, rPois}
   (You bought it in a shop on level 1 of the Dungeon)

   It occasionally discharges a powerful burst of electricity upon striking a
   foe.
   rPois:     It protects you from poison.
 J - the +4 executioner's axe "Kaidghuwugi" {venom, *Corrode rF++ SInv}
   (You found it in a bailey)

   It poisons the flesh of those it strikes.
   rF:        It greatly protects you from fire.
   SInv:      It lets you see invisible.
   *Corrode:  It may corrode you when you take damage.
 Q - a +5 battleaxe of flaming
   (You took it off Rupert on level 5 of the Lair of Beasts)
Missiles
 d - 7 throwing nets
 e - 14 javelins
 i - 3 boomerangs of dispersal (quivered)
Armour
 c - a +2 pair of boots (worn)
   (You found it on level 3 of the Dungeon)
 o - a +0 cloak (worn)
   (You found it on level 3 of the Dungeon)
 q - the +1 chain mail "Uho Nus" (worn) {Regen+}
   (You took it off a kobold brigand on level 9 of the Dungeon)

   Regen:     It increases your rate of health regeneration.
 H - a +0 troll leather armour
   (You found it on level 9 of the Dungeon)
Jewellery
 f - an amulet of reflection
   (You found it on level 1 of the Dungeon)
 l - a ring of resist corrosion
   (You found it on level 3 of the Dungeon)
 v - a +6 ring of strength
   (You found it on level 4 of the Dungeon)
 M - the ring "Bainovit" {+Blink Int+3 Dex-2 Slay+4}
   (You found it in a treasure trove)

   [ring of slaying]

   Int:       It affects your intelligence (+3).
   Dex:       It affects your dexterity (-2).
   Slay:      It affects your accuracy & damage with ranged weapons and melee
   (+4).
   +Blink:    It lets you blink.
 P - the ring of Gatrulag (right hand) {rC+ Will+ AC+4}
   (You found it in a treasure trove)

   [ring of protection]

   AC:        It affects your AC (+4).
   rC:        It protects you from cold.
   Will:      It increases your willpower.
 R - an amulet of faith
   (You found it in a treasure trove)
 S - the ring of the Hare {EV+8}
   (You took it off a spriggan on level 5 of the Lair of Beasts)

   [ring of evasion]

   EV:        It affects your evasion (+8).
 X - the ring "Aklyz" (left hand) {rC+ EV+4 Str+4 Int-5 Slay+5}
   (You found it in a treasure trove)

   [ring of evasion]

   EV:        It affects your evasion (+4).
   Str:       It affects your strength (+4).
   Int:       It affects your intelligence (-5).
   Slay:      It affects your accuracy & damage with ranged weapons and melee
   (+5).
   rC:        It protects you from cold.
 Z - the amulet "Yrphek" (around neck) {Faith rF+++ rC+ SInv}
   (You found it in a treasure trove)

   [amulet of faith]

   It allows you to gain divine favour quickly.
   rF:        It renders you almost immune to fire.
   rC:        It protects you from cold.
   SInv:      It lets you see invisible.
Wands
 r - a wand of roots (21)
   (You found it on level 4 of the Dungeon)
 t - a wand of flame (65)
   (You took it off Ijyb on level 4 of the Dungeon)
 y - a wand of acid (18)
   (You found it on level 5 of the Dungeon)
 O - a wand of paralysis (7)
   (You found it on level 4 of the Lair of Beasts)
Scrolls
 g - 2 scrolls of amnesia
 h - 3 scrolls of enchant armour
 n - 5 scrolls of teleportation
 s - 3 scrolls of acquirement
 z - 3 scrolls of poison
 A - 6 scrolls of identify
 B - a scroll of butterflies
 C - a scroll of magic mapping
 G - 2 scrolls of immolation
 T - a scroll of brand weapon
Potions
 b - 3 potions of resistance
 j - 7 potions of mutation
 k - 2 potions of lignification
 m - a potion of degeneration {unknown}
 u - 3 potions of brilliance
 x - 2 potions of ambrosia
 D - 2 potions of heal wounds
 E - 2 potions of flight
 F - 8 potions of curing
 I - 2 potions of might
 K - 2 potions of magic {unknown}
 L - 4 potions of haste
 N - a potion of cancellation {unknown}

Dungeon Overview and Level Annotations

Branches:
Dungeon (13/15) Zot: 26591  Temple (1/1) D:5 Zot: 5834    Lair (5/5) D:9 Zot: 25360
  Swamp (0/4) Lair:3       Spider (0/4) Lair:2        Slime (0/5) Lair:4
    Orc (2/2) D:10 Zot: 10944     Elf (0/3) Orc:2        Bailey (visited)
 Vaults: D:13-14

Altars:
Ashenzari
Cheibriados
Dithmenos
Fedhas
Gozag
Hepliaklqana
Kikubaaqudgha
Makhleb
Nemelex Xobeh
Okawaru
Qazlal
Ru
Sif Muna
Trog
Uskayaw
Vehumet
Wu Jian
Xom
Yredelemnul
Jiyva
Lugonu

Shops:
D:1 (   D:6 (   D:11 ?   Orc:2 [(!!!

Portals:
Abyss: Lair:5

Annotations:
D:8 1 runed translucent door, jasper's ghost, novice TeBe
Lair:1 3 runed translucent doors, Iusername's ghost, journeyman MiFi; Waabatro's ghost, novice GrFi

#####
######...############..
##.#..#.....YY.†○.......
##P........@Y..Y.†.......
#...........YY...........
##............P..........
###......................
#.#......................
#........................
###P.......S.............
#....†............
###..............


You could see 6 death yaks and a water moccasin.


Message History

A death yak comes into view. x2
The death yak bellows!
A death yak comes into view.
The death yak bellows!
The oklob plant spits acid at you. The splash of acid hits you!
The acid corrodes you! The death yak gores you! 😕 HP[-18]
You take 18 damage, and now have 101/119 hp.
Unknown command.
You slice the oklob plant!! You headbutt the oklob plant.
You hit the death yak but do no damage.
Lightning courses through the death yak!
You slice the death yak!! 😕 HP[+1] Unknown command.
You slash the oklob plant! You headbutt the oklob plant!
You slash the death yak!
Lightning courses through the death yak!
You slash the death yak!
Lightning courses through the death yak!
The death yak gores you but does no damage.
The death yak barely misses you.
The death yak gores the fungus!
The fungus begins to die. 😕 HP[+1]
You slice the oklob plant!!
You destroy the oklob plant!
You hit the death yak.
Lightning courses through the death yak!
You completely miss the death yak. You slash the death yak!
The death yak gores you.
You emit a cloud of foul miasma! 😕 HP[-1]
You take 1 damage, and now have 102/119 hp.
Unknown command.
You open the death yak like a pillowcase!!!
You slash the death yak!
Lightning courses through the death yak!
You barely miss the death yak. You slash the death yak! x2
The death yak gores you!
The death yak gores you but does no damage.
The death yak is engulfed in dark miasma.
The death yak is poisoned.
You kill the death yak!
The death yak gores you!
The death yak closely misses you. 😮 HP[-15]
You take 15 damage, and now have 87/119 hp.
You are too injured to fight recklessly!
You slice the death yak!!
You kill the death yak!
You slash the death yak! You hit the death yak. You slice the death yak!!
The death yak gores you!
The death yak gores you but does no damage.
The death yak gores the fungus!!
The death yak gores you! 😮 HP[-23]
You take 23 damage, and now have 64/119 hp.
Unknown command.
You are too injured to fight recklessly!
The death yak attacks as you move away! The death yak barely misses you.
A nearby fungus withers and dies.
The death yak gores you but does no damage.
You see here a death yak corpse. 😮 HP[+1]
You are too injured to fight recklessly!
The death yak attacks as you move away! The death yak gores you.
You emit a cloud of foul miasma!
The death yak is engulfed in dark miasma.
The death yak is poisoned.
The death yak seems to slow down.
The death yak gores you but does no damage. 😮 HP[-1]
You take 1 damage, and now have 64/119 hp.
Unknown command.
The death yak attacks as you move away! The death yak misses you.
The death yak gores you!
* * * LOW HITPOINT WARNING * * *
😨 HP[-10]
You take 10 damage, and now have 54/119 hp.
The death yak attacks as you move away! The death yak gores you!
* * * LOW HITPOINT WARNING * * *
😨 HP[-10]
You take 10 damage, and now have 44/119 hp.
The death yak attacks as you move away! The death yak gores you!
* * * LOW HITPOINT WARNING * * *
😨 HP[-8]
You take 8 damage, and now have 36/119 hp.
As you read the scroll of teleportation, it crumbles to dust.
You feel strangely unstable. The death yak barely misses you.
The death yak gores you!
* * * LOW HITPOINT WARNING * * *
A water moccasin comes into view. 😱 HP[-16]
You take 16 damage, and now have 20/119 hp.
Unknown command.
The water moccasin hisses angrily.
The death yak looks more healthy. 😱 HP[+1] Unknown command.
The death yak attacks as you move away! The death yak gores you!
* * * LOW HITPOINT WARNING * * *
You emit a cloud of foul miasma!
The death yak attacks as you move away! The death yak gores you!
You die...

Skill      XL: |  1  2  3  4  5  6  7  8  9 10 11 12 13 14 |
---------------+-------------------------------------------+-----
Axes           | 3 4 5 7 8 10 12 14 15 16 | 16.8
Armour         | 1 2 3 4 5 6 8 9 10 11 12 | 12.5
Fighting       | 3 4 5 6 7 9 10 11 12 13 | 13.8
Spellcasting   | 3 |  3.0
Throwing       | |  1.7
Dodging        | |  2.6

Action                   |  1- 3 |  4- 6 |  7- 9 | 10-12 | 13-15 || total
-------------------------+-------+-------+-------+-------+-------++-------
Melee: War axe           |    73 |   133 |    82 |       |       ||   288
       Punch             |     2 |     3 |       |       |       ||     5
       Headbutt          |    10 |    25 |    32 |    63 |    95 ||   225
       Battleaxe         |       |       |    99 |   374 |   401 ||   874
Evoke: Wand              |       |       |     4 |       |       ||     4
  Use: Scroll            |     4 |     4 |     5 |     8 |     3 ||    24
       Potion            |     1 |     3 |     2 |     8 |     5 ||    19
 Stab: Sleeping          |     2 |    10 |     1 |       |       ||    13
       Invisible         |       |     3 |       |       |       ||     3
       Distracted        |       |       |       |       |     1 ||     1
Armor: Leather armour    |    25 |    39 |       |       |       ||    64
       Skin              |       |     3 |    31 |       |       ||    34
       Scale mail        |       |     4 |    94 |    36 |       ||   134
       Chain mail        |       |       |       |    92 |   290 ||   382
Dodge: Dodged            |    46 |    68 |    82 |   195 |   286 ||   677
Block: Other             |    25 |    24 |    49 |    80 |    18 ||   196
       Reflection        |       |       |     3 |    14 |     1 ||    18

Levels and vault maps discovered:
D:1:      elethiomel_arrival_maze, layout_loops_corners,
          hellmonk_ecumenical_altar_dog_temple, serial_shops, shop,
          hangedman_decor_lopped
D:2:      layout_basic, uniq_jessica
D:3:      layout_loops_corners, jmf_multi_god_temple, uniq_robin
D:4:      layout_cave_pools, uniq_ijyb, uniq_edmund, uniq_eustachio
D:5:      layout_loops_ring, minmay_temple_entry_statues_fountains,
          kennysheep_cross_room, minmay_misc_feat_nine_boxes, uniq_grinder,
          uniq_duvessa
D:6:      layout_rooms, nicolae_tso_carved_into_rock, serial_shops,
          nicolae_shop_waterfront
D:7:      layout_layer_cave, minmay_crystal_water
D:8:      nicolae_cairo_tiling, layout_basic, nicolae_elyvilon_peaceful_grove,
          ebering_ghost_xom, minmay_statues_item, minmay_manual_mullet
D:9:      minmay_the_grid_octo_tiled_squarecenter
          [minmay_the_grid_octo_checkerflower, minmay_the_grid_octo_clover,
          minmay_the_grid_octo_fan_narrow, minmay_the_grid_octo_horde,
          minmay_the_grid_square_5x5_megaprize_checkered,
          minmay_the_grid_square_5x5_fancy_junction,
          minmay_the_grid_square_5x5_inverted_slash,
          minmay_the_grid_square_5x5_inset, minmay_the_grid_square_5x5_fat_x],
          layout_rooms, dpeg_lair_monsters, roderic_lattice_a
D:10:     layout_small_grid, minmay_orc_entry_guard_dogs, serial_bayou,
          serial_bayou_pond_d, serial_bayou_pond_d, serial_bayou_shore_a,
          serial_bayou_pond_d, enter_trove_1, enter_bailey_2
D:11:     layout_basic, serial_shops, nicolae_square_shop, minivault_13
D:12:     layout_basic, uniq_maurice, uniq_jorgrun
D:13:     layout_cave_pools
Temple:   regret_index_temple_mists
Lair:1:   wad_woods_stonehenge, layout_cave_pods, gammafunk_ghost_cemetery,
          beast_lair_carwin_5, uniq_harold
Lair:2:   layout_regular_city, spider_nest_entry_rubble
Lair:3:   layout_regular_city, minmay_swamp_entry_worms
Lair:4:   layout_long_grid, slime_entry_2, chequers_serial_rivers_micro_b
Lair:5:   hellmonk_lair_end_abyssal_woods, layout_cave_shapes, uniq_rupert,
          uniq_kirke
Orc:1:    layout_diamond_mine, hellmonk_bongcloud_opening, uniq_urug
Orc:2:    grunt_orc_tribal_feast, layout_caves, serial_shops,
          nicolae_shop_statue_plus, nooodl_orcs_dogs

Notes
Turn   | Place    | Note
-------+----------+-------------------------------------------
     0 | D:1      | ytrimaz the Demonspawn Gladiator began the quest for the
                  | Orb.
     0 | D:1      | Reached XP level 1. HP: 16/16 MP: 1/1
     0 | D:1      | magus.rc [v1.9.6]
   309 | D:1      | Gained mutation: You have a pair of small horns on your
                  | head. [demonic ancestry]
   309 | D:1      | Reached XP level 2. HP: 20/22 MP: 2/2
   471 | D:1      | Found Relogge's Antique Weapon Shoppe.
   786 | D:1      | Found a faded altar of an unknown god.
   799 | D:1      | Reached skill level 3 in Axes
  1032 | D:1      | Reached skill level 1 in Armour
  1367 | D:1      | Gained mutation: You have a somewhat thin skeletal
                  | structure. (Dex +2, Stealth+) [potion of mutation]
  1367 | D:1      | Gained mutation: You expend magic power (3 MP) to
                  | strengthen your wands. [potion of mutation]
  1409 | D:2      | Noticed Jessica
  1414 | D:2      | Reached XP level 3. HP: 22/28 MP: 3/3
  1420 | D:2      | HP: 7/28 [Jessica/+0 dagger (5)]
  1421 | D:2      | Killed Jessica
  1736 | D:2      | Reached skill level 3 in Fighting
  1797 | D:2      | Gained mutation: You have a pair of horns on your head.
                  | [demonic ancestry]
  1797 | D:2      | Reached XP level 4. HP: 35/35 MP: 4/4
  1816 | D:2      | You pick up a book of Lightning and begin reading...
  1816 | D:2      | You add the spells Static Discharge, Lightning Bolt,
                  | Arcjolt and Maxwell's Capacitive Coupling to your library.
  2138 | D:2      | Reached skill level 2 in Armour
  2551 | D:3      | Found a basalt altar of Yredelemnul.
  2553 | D:3      | Found a stormy altar of Qazlal.
  2564 | D:3      | Gained mutation: You have a pair of large horns on your
                  | head. [demonic ancestry]
  2564 | D:3      | Reached XP level 5. HP: 21/41 MP: 5/5
  2882 | D:3      | Reached skill level 4 in Axes
  2885 | D:3      | Reached skill level 4 in Fighting
  2885 | D:3      | Reached skill level 3 in Armour
  2885 | D:3      | Gained mutation: You may rarely emit foul miasma when
                  | damaged in melee. [demonic ancestry]
  2885 | D:3      | Reached XP level 6. HP: 30/48 MP: 6/6
  3143 | D:3      | Noticed Robin
  3182 | D:3      | Killed Robin
  4074 | D:4      | You pick up a book of Party Tricks and begin reading...
  4074 | D:4      | You add the spells Apportation and Alistair's Intoxication
                  | to your library.
  4138 | D:4      | Noticed Edmund
  4149 | D:4      | Killed Edmund
  4270 | D:4      | Reached XP level 7. HP: 54/55 MP: 7/7
  4363 | D:4      | Noticed Ijyb
  4364 | D:4      | Noticed Eustachio
  4379 | D:4      | Killed Eustachio
  4380 | D:4      | Reached skill level 5 in Fighting
  4380 | D:4      | Reached skill level 5 in Axes
  4380 | D:4      | Reached skill level 4 in Armour
  4383 | D:4      | Killed Ijyb
  4867 | D:5      | Entered Level 5 of the Dungeon
  4905 | D:5      | You pick up a book of Sloth and begin reading...
  4905 | D:5      | You add the spells Petrify, Metabolic Englaciation and
                  | Statue Form to your library.
  5009 | D:5      | You add the spells Ignite Poison, Mephitic Cloud and
                  | Freezing Cloud to your library.
  5159 | D:5      | Noticed Duvessa
  5164 | D:5      | Noticed Dowan
  5184 | D:5      | Killed Duvessa
  5187 | D:5      | Killed Dowan
  5188 | D:5      | Reached XP level 8. HP: 46/64 MP: 0/8
  5502 | D:5      | Found a staircase to the Ecumenical Temple.
  5537 | D:5      | Noticed Grinder
  5547 | D:5      | Killed Grinder
  5548 | D:5      | Reached skill level 6 in Fighting
  5548 | D:5      | Reached skill level 5 in Armour
  5567 | Temple   | Entered the Ecumenical Temple
  5809 | D:1      | Bought a polished battleaxe for 253 gold pieces
  5809 | D:1      | Identified the +10 battleaxe of Excruciating Pain {elec,
                  | rPois} (You bought it in a shop on level 1 of the Dungeon)
  6114 | D:5      | You add the spells Olgreb's Toxic Radiance, Ozocubu's
                  | Refrigeration and Ignition to your library.
  6184 | D:6      | Reached skill level 6 in Axes
  6519 | D:6      | Found Acuonk's Antique Weapon Boutique.
  6898 | D:7      | Reached skill level 7 in Axes
  7259 | D:7      | Reached XP level 9. HP: 71/71 MP: 9/9
  7610 | D:7      | Reached skill level 7 in Fighting
  7843 | D:7      | Reached skill level 6 in Armour
  8557 | D:8      | Reached skill level 1 in Spellcasting
  8713 | D:8      | Reached skill level 8 in Axes
  8718 | D:8      | Reached skill level 2 in Spellcasting
  8968 | D:8      | You add the spells Blink, Manifold Assault and Storm Form
                  | to your library.
  9255 | D:8      | Reached skill level 3 in Spellcasting
  9257 | D:8      | Gained mutation: You have an unusually large brain. (Int
                  | +2) [demonic ancestry]
  9257 | D:8      | Reached XP level 10. HP: 65/80 MP: 14/14
  9543 | D:8      | Found a runed translucent door.
  9543 | D:8      | Found a shimmering altar of Xom.
  9543 | D:8      | Noticed jasper's ghost (novice TeBe)
  9543 | D:8      | Noticed a +0 long sword of chaos
  9768 | D:9      | Noticed a death yak
  9771 | D:9      | Noticed a death yak
  9772 | D:9      | Found a staircase to the Lair.
  9772 | D:9      | Noticed a death yak
  9784 | D:9      | Killed a death yak
  9785 | D:9      | Reached skill level 8 in Fighting
  9785 | D:9      | Reached skill level 9 in Axes
  9785 | D:9      | Reached skill level 7 in Armour
  9785 | D:9      | Killed a death yak
  9787 | D:9      | Killed a death yak
  9799 | D:9      | HP: 13/82 [orc warrior/+0 long sword (13)]
 10228 | D:9      | Reached skill level 10 in Axes
 10377 | D:9      | You pick up a book of Conjurations and begin reading...
 10377 | D:9      | You add the spells Magic Dart, Searing Ray and Fulminant
                  | Prism to your library.
 10410 | D:9      | Identified the +2 arbalest "Uvo Gidd" {penet, Will+ Int+2}
 10428 | D:9      | Noticed a deep elf pyromancer
 10428 | D:9      | Identified the +1 chain mail "Uho Nus" {Regen+}
 10440 | D:9      | Killed a deep elf pyromancer
 10441 | D:9      | Reached skill level 9 in Fighting
 10463 | D:9      | Reached skill level 8 in Armour
 10476 | D:9      | Paralysed by a hornet for 3 turns
 10478 | D:9      | HP: 19/83 [hornet (2)]
 10486 | D:9      | Reached XP level 11. HP: 48/89 MP: 15/15
 10492 | D:9      | Noticed a centaur warrior
 10493 | D:9      | Killed a centaur warrior
 10630 | D:9      | Noticed a boulder beetle
 10644 | D:9      | Killed a boulder beetle
 10712 | D:9      | Reached skill level 11 in Axes
 11681 | D:9      | Identified the +1 flail "Mitentu" {venom, Int-3 Dex+6}
 11707 | D:10     | Entered Level 10 of the Dungeon
 11822 | D:10     | Reached skill level 10 in Fighting
 11833 | D:10     | You pick up a book of Dreams and begin reading...
 11833 | D:10     | You add the spells Ensorcelled Hibernation, Spider Form and
                  | Anguish to your library.
 11851 | D:10     | Found a staircase to the Orcish Mines.
 11860 | D:10     | Reached skill level 9 in Armour
 11883 | D:10     | Found a flagged portal.
 11898 | Bailey   | Entered a bailey
 12118 | Bailey   | Reached skill level 12 in Axes
 12154 | Bailey   | Noticed an orc knight
 12163 | Bailey   | Killed an orc knight
 12172 | Bailey   | Identified the +4 executioner's axe "Kaidghuwugi" {venom,
                  | *Corrode rF++ SInv}
 12266 | D:10     | Found a portal to a secret trove of treasure.
 12526 | D:10     | This trove needs 4 scrolls of butterflies to function. Give
                  | it the items?
 12765 | D:10     | This trove needs 4 scrolls of butterflies to function. Give
                  | it the items?
 12765 | D:10     | This trove needs 4 scrolls of butterflies to function. Give
                  | it the items?
 13155 | D:11     | Noticed a brown ugly thing
 13161 | D:11     | Killed a brown ugly thing
 13162 | D:11     | Reached XP level 12. HP: 92/98 MP: 16/16
 13196 | D:11     | Found Buumaukk's Magic Scroll Emporium.
 13246 | D:11     | Noticed a boulder beetle
 13258 | D:11     | Killed a boulder beetle
 13319 | D:11     | Found a runed translucent door.
 13319 | D:11     | Noticed a centaur warrior
 13324 | D:11     | Killed a centaur warrior
 13367 | D:11     | You pick up a book of Changes and begin reading...
 13367 | D:11     | You add the spells Beastly Appendage and Wereblood to your
                  | library.
 13369 | D:11     | Noticed an ogre mage
 13373 | D:11     | Killed an ogre mage
 13387 | D:11     | Noticed a frost giant
 13387 | D:11     | Noticed a storm dragon
 13392 | D:11     | Killed a frost giant
 13393 | D:11     | Reached skill level 13 in Axes
 13399 | D:11     | HP: 20/99 [storm dragon (10)]
 13406 | D:11     | Killed a storm dragon
 13407 | D:11     | Reached skill level 11 in Fighting
 13705 | D:12     | Identified a +1 robe of the Archmagi
 13705 | D:12     | Noticed Jorgrun
 13714 | D:12     | Reached skill level 10 in Armour
 13717 | D:12     | Killed Jorgrun
 14007 | D:12     | Noticed Maurice
 14016 | D:12     | Killed Maurice
 14677 | D:13     | Noticed a tengu warrior
 14678 | D:13     | Noticed a tengu warrior
 14975 | Orc:1    | Entered Level 1 of the Orcish Mines
 15061 | Orc:1    | Noticed Urug
 15068 | Orc:1    | Killed Urug
 15212 | Orc:2    | Entered Level 2 of the Orcish Mines
 15213 | Orc:2    | Found Iseuwn's Distillery.
 15238 | Orc:2    | Found a staircase to the Elven Halls.
 15266 | Orc:2    | Bought a potion of might for 48 gold pieces
 15285 | Orc:2    | Reached skill level 14 in Axes
 15285 | Orc:2    | Gained mutation: You sometimes emit foul miasma when
                  | damaged in melee. [demonic ancestry]
 15285 | Orc:2    | Reached XP level 13. HP: 93/106 MP: 17/17
 15299 | Orc:2    | Identified the +7 flail of Beogh {venom, rPois}
 15675 | Orc:2    | HP: 25/160 [orc warrior/+0 halberd (24)]
 15779 | Orc:2    | Identified a +2 robe of the Archmagi
 15809 | Orc:2    | Reached skill level 12 in Fighting
 15866 | Orc:2    | Paralysed by an orc sorcerer for 4 turns
 15873 | Orc:2    | HP: 35/157 [ice devil[an orc high priest] (8)]
 15878 | Orc:2    | Reached skill level 11 in Armour
 15952 | Orc:2    | Found Qeron's Distillery.
 15952 | Orc:2    | Found Qeukkekh's Armour Shoppe.
 15954 | Orc:2    | Found Goticon's Distillery.
 15954 | Orc:2    | Found Foxug's Weapon Shoppe.
 15969 | Orc:2    | Bought a potion of heal wounds for 70 gold pieces
 15969 | Orc:2    | Bought a potion of berserk rage for 70 gold pieces
 15971 | Orc:2    | Bought a potion of curing for 51 gold pieces
 15971 | Orc:2    | Bought a potion of might for 68 gold pieces
 15971 | Orc:2    | Bought a potion of curing for 51 gold pieces
 15971 | Orc:2    | Bought 2 potions of heal wounds for 170 gold pieces
 15971 | Orc:2    | Bought a potion of curing for 51 gold pieces
 15971 | Orc:2    | Bought a potion of haste for 170 gold pieces
 15971 | Orc:2    | Bought a potion of resistance for 170 gold pieces
 16034 | D:10     | This trove needs 4 scrolls of butterflies to function. Give
                  | it the items?
 16034 | D:10     | You paid a toll of 4 scrolls of butterflies to enter a
                  | treasure trove
 16035 | Trove    | Entered a treasure trove
 16039 | Trove    | Identified the ring "Bainovit" {+Blink Int+3 Dex-2 Slay+4}
 16045 | Trove    | Identified the ring of Gatrulag {rC+ Will+ AC+4}
 16051 | Trove    | Identified the ring "Sygeb" {Wiz Dex+4}
 16062 | Trove    | Identified the ring "Aklyz" {rC+ EV+4 Str+4 Int-5 Slay+5}
 16066 | Trove    | Identified the amulet "Yrphek" {Faith rF+++ rC+ SInv}
 16103 | D:10     | magus.rc [v1.9.6]
 16160 | Lair:1   | Entered Level 1 of the Lair of Beasts
 16218 | Lair:1   | Noticed Harold
 16231 | Lair:1   | Killed Harold
 16245 | Lair:1   | Reached skill level 15 in Axes
 16283 | Lair:1   | Found a shimmering blue altar of Sif Muna.
 16639 | Lair:1   | magus.rc [v1.9.6]
 16739 | Lair:1   | You fall into a shaft and drop 1 floor!
 16822 | Lair:1   | Found a runed translucent gate.
 16822 | Lair:1   | Found a runed translucent gate.
 16822 | Lair:1   | Found a runed translucent gate.
 17229 | Lair:1   | Noticed Waabatro's ghost (novice GrFi)
 17230 | Lair:1   | Noticed Iusername's ghost (journeyman MiFi)
 17377 | Lair:2   | Identified the +1 robe of Huuczusm {-Cast Str+8}
 17492 | Lair:2   | magus.rc [v1.9.6]
 17603 | Lair:2   | Found a hole to the Spider Nest.
 17718 | Lair:2   | You add the spells Shock and Fire Storm to your library.
 17718 | Lair:2   | Got the Spellbook of Damage Dealing
 18477 | Lair:3   | Found a staircase to the Swamp.
 18980 | Lair:4   | Reached XP level 14. HP: 43/116 MP: 18/18
 19082 | Lair:4   | HP: 23/116 [ten-headed hydra (11)]
 19595 | Lair:4   | Found a runed translucent door.
 19595 | Lair:4   | Found a viscous altar of Jiyva.
 19596 | Lair:4   | Found a staircase to the Slime Pits.
 19774 | Lair:5   | Entered Level 5 of the Lair of Beasts
 19780 | Lair:5   | Reached skill level 13 in Fighting
 19844 | Lair:5   | Noticed Kirke
 19865 | Lair:5   | Killed Kirke
 19882 | Lair:5   | Reached skill level 16 in Axes
 20006 | Lair:5   | Noticed Rupert
 20015 | Lair:5   | Killed Rupert
 20016 | Lair:5   | Reached skill level 12 in Armour
 20373 | Lair:5   | a spriggan comes into view. It is wielding a +2 rapier of
                  | distortion and wearing the ring of the Hare {EV+8}.
 20383 | Lair:5   | Found a corrupted altar of Lugonu.
 20411 | Lair:5   | Found a one-way gate to the infinite horrors of the Abyss.
 20807 | Lair:5   | HP: 20/119 [death yak (17)]
 20809 | Lair:5   | Slain by a death yak

Vanquished Creatures
  Rupert (Lair:5)
  Jorgrun (D:12)
  A storm dragon (D:11)
  A frost giant (D:11)
  Harold (Lair:1)
  3 catoblepae
  5 hydras
  An ogre mage (D:11)
  2 centaur warriors
  3 boulder beetles
  3 orc high priests (Orc:2)
  3 thrashing horrors (Lair:5)
  Urug (Orc:1)
  5 death yaks
  A phantasmal warrior (D:11)
  6 orc knights
  4 orc sorcerers (Orc:2)
  An oklob plant (Lair:5)
  4 ugly things
  2 deep elf pyromancers
  2 cyclopes
  A black mamba (Lair:1)
  3 smoke demons (Lair:5)
  8 elephants
  Maurice (D:12)
  9 cane toads
  2 gargoyles
  A torpor snail (Lair:5)
  10 komodo dragons
  An ancient zyme (Lair:5)
  3 rime drakes (Lair:4)
  A troll (shapeshifter) (Lair:5)
  A tyrant leech (Lair:3)
  5 trolls
  2 hornets (D:9)
  2 polar bears
  A raiju (shapeshifter) (Lair:5)
  5 slime creatures
  13 blink frogs (Lair:5)
  Grinder (D:5)
  3 dream sheep (Lair:5)
  A snapping turtle (shapeshifter) (D:9)
  A jumping spider (Lair:2)
  3 spriggans
  3 shadows
  2 water elementals
  8 wyverns
  A vampire (D:10)
  24 yaks
  6 basilisks
  A hog (Lair:5)
  A steam dragon (D:9)
  A vampire mosquito (D:8)
  2 chaos spawn (Lair:5)
  Eustachio (D:4)
  3 swamp worms (Lair:3)
  Edmund (D:4)
  3 large abominations (Lair:5)
  3 acid dragons
  7 wargs
  Duvessa (D:5)
  8 water moccasins
  2 sky beasts
  3 black bears
  An ice beast (D:6)
  24 orc warriors
  4 ogres
  A boggart (D:9)
  A wolf (Lair:1)
  4 centaurs
  3 kobold brigands (D:9)
  A phantom (D:7)
  11 bullfrogs
  A gnoll sergeant (D:9)
  A scorpion (D:4)
  4 wights (D:3)
  Dowan (D:5)
  9 killer bees
  3 howler monkeys (D:9)
  12 electric eels
  4 gnoll boudas
  4 hounds
  2 jellies
  15 small abominations (Lair:5)
  Ijyb (D:4)
  21 orc priests
  Jessica (D:2)
  2 hell rats (D:9)
  5 iguanas
  19 orc wizards
  Robin (D:3)
  15 gnolls
  A river rat (D:9)
  12 adders
  2 shadow imps
  2 white imps
  2 worms (D:3)
  A dart slug (D:2)
  70 orcs
  4 endoplasms
  4 giant cockroaches
  14 goblins
  7 hobgoblins
  8 jackals
  6 kobolds
  4 quokkas
  4 ball pythons
  7 bats
  3 rats
532 creatures vanquished.

Vanquished Creatures (others)
  Kirke (Lair:5)
  A dream sheep (Lair:5)
  4 humans (Lair:5)
  An orc wizard (D:6)
  A shadow imp (D:7)
  An orc (D:11)
  4 fungi
  31 plants
44 creatures vanquished.

Grand Total: 576 creatures vanquished

Table legend:
 A = Non-vault XP
 B = Vault XP
 C = Vault XP percentage of total XP
 D = Non-vault monster count
 E = Vault monster count
 F = Vault count percentage of total count
                 A         B        C        D         E       F
            +---------+---------+-------+---------+---------+-------
      Total |   44935 |   51612 |  53.5 |     315 |     219 |  41.0
            +---------+---------+-------+---------+---------+-------
        D:1 |      35 |       4 |  10.3 |      15 |       2 |  11.8
        D:2 |      63 |      37 |  37.0 |      15 |       1 |   6.2
        D:3 |     377 |      42 |  10.0 |      25 |      15 |  37.5
        D:4 |     192 |     385 |  66.7 |      11 |       3 |  21.4
        D:5 |     181 |     476 |  72.5 |       9 |       3 |  25.0
        D:6 |     751 |       0 |   0.0 |      16 |       0 |   0.0
        D:7 |     725 |       0 |   0.0 |      15 |       0 |   0.0
        D:8 |    1717 |     599 |  25.9 |      16 |       5 |  23.8
        D:9 |     880 |    9285 |  91.3 |      19 |      38 |  66.7
       D:10 |    3137 |     494 |  13.6 |      23 |       3 |  11.5
       D:11 |    2784 |    5419 |  66.1 |      20 |       7 |  25.9
       D:12 |    3699 |    2380 |  39.2 |      17 |       2 |  10.5
       D:13 |     568 |       0 |   0.0 |       1 |       0 |   0.0
     Lair:1 |    3993 |    4239 |  51.5 |      14 |      14 |  50.0
     Lair:2 |    2242 |     227 |   9.2 |       7 |       1 |  12.5
     Lair:3 |    2702 |     794 |  22.7 |       6 |       4 |  40.0
     Lair:4 |    6853 |      44 |   0.6 |      16 |       2 |  11.1
     Lair:5 |   10678 |   16226 |  60.3 |      27 |      48 |  64.0
      Orc:1 |    1225 |     792 |  39.3 |      10 |       1 |   9.1
      Orc:2 |    2133 |    8470 |  79.9 |      33 |      42 |  56.0
     Bailey |       0 |    1699 | 100.0 |       0 |      28 | 100.0
            +---------+---------+-------+---------+---------+-------

Illustrated notes

Table legend:
 A = Kills in this place as a percentage of kills in entire the game.
 B = Kills by you in this place as a percentage of kills by you in the entire game.
 C = Kills by friends in this place as a percentage of kills by friends in the entire game.
 D = Other kills in this place as a percentage of other kills in the entire game.
 E = Experience gained in this place as a percentage of experience gained in the entire game.
 F = Experience gained in this place divided by the number of levels of this place that you have seen.
                   A       B       C       D       E      F
               +-------+-------+-------+-------+-------+----------------------
         Total | 100.0 | 100.0 |   N/A | 100.0 | 100.0 | 4197.7
       Dungeon |  52.6 |  52.6 |   N/A |  50.0 |  35.5 | 2633.1
          Lair |  26.0 |  25.9 |   N/A |  50.0 |  49.7 | 9599.6
  Orcish Mines |  16.1 |  16.2 |   N/A |   0.0 |  13.1 | 6310.0
        Bailey |   5.2 |   5.3 |   N/A |   0.0 |   1.8 | 1699.0
               +-------+-------+-------+-------+-------+----------------------

Table legend: (Time is in decaauts)
 A = Elapsed time spent in this place.
 B = Non-inter-level travel time spent in this place.
 C = Inter-level travel time spent in this place.
 D = Time resting spent in this place.
 E = Time spent auto-exploring this place.
 F = Levels seen in this place.
 G = Mean time per level.
                   A        B        C        D        E       F      G
               +--------+--------+--------+--------+--------+-----+--------+
         Total |  21096 |  20268 |    828 |   1251 |  15546 |  23 |  917.2 |
       Dungeon |  14871 |  14179 |    692 |   1090 |  10881 |  13 | 1143.9 |
        Temple |    165 |    148 |     17 |      0 |    127 |   1 |  165.0 |
          Lair |   4639 |   4575 |     64 |     46 |   3795 |   5 |  927.8 |
  Orcish Mines |   1055 |   1002 |     53 |    114 |    556 |   2 |  527.5 |
         Trove |     37 |     37 |      0 |      0 |      0 |   1 |   37.0 |
        Bailey |    327 |    327 |      0 |      0 |    186 |   1 |  327.0 |
               +--------+--------+--------+--------+--------+-----+--------+

Top non-repeatable levels by time:
     D:9: 2043 daAuts
     D:7: 1756 daAuts
     D:3: 1619 daAuts
     D:1: 1451 daAuts
     D:8: 1204 daAuts
    D:12: 1185 daAuts
     D:2: 1147 daAuts
  Lair:1: 1123 daAuts
     D:5: 1048 daAuts
  Lair:5: 1031 daAuts
    D:10: 946 daAuts
    D:11: 880 daAuts
     D:4: 874 daAuts
  Lair:3: 839 daAuts
  Lair:2: 826 daAuts
